 Dungeon Crawl Stone Soup version bcrawl-1.17.3 (webtiles) character file.

Game seed: 12756269710526994570

429 Ethylacetat the Covert (level 6, -2/35 HPs)
             Began as a Felid Monk on Oct 20, 2019.
             Was a Believer of Ashenzari.
             Slain by a bullfrog (10 damage)
             ... on level 6 of the Dungeon.
             The game lasted 00:17:31 (7706 turns).

Ethylacetat the Covert (Felid Monk)                 Turns: 7706, Time: 00:17:31

Health: -2/35      AC:  2    Str:  7    XL:     6   Next: 98%
Magic:  0/8        EV: 23    Int: 11    God:    Ashenzari [**....]
Gold:   432        SH:  0    Dex: 21    Spells: 5/5 levels left
                                        Lives:  0   Deaths: 2

rFire    . . .     SeeInvis +     - Unarmed
rCold    . . .     Gourm    .   (shield unavailable)
rNeg     . . .     Faith    .   (armour unavailable)
rPois    .         Spirit   +   (helmet unavailable)
rElec    .         Reflect  .   (cloak restricted)
rCorr    .         Harm     .   (gloves unavailable)
MR       .....                  (boots unavailable)
Stlth    +++++.....             a - amulet of guardian spirit
HPRegen  0.11/turn              (no ring)
MPRegen  0.11/turn              (no ring)

@: quick
A: very small, no armour, no weapons or thrown items, stealth, claws 1, fangs 3,
see invisible, carnivore, speed 1, shaggy fur 2, slow metabolism 1, sharp paws
a: Curse Item, Scrying, Renounce Religion


You were on level 6 of the Dungeon.
You worshipped Ashenzari.
Ashenzari was pleased with you.
You were not hungry.

You visited 2 branches of the dungeon, and saw 7 of its levels.

You collected 432 gold pieces.

Inventory:

Jewellery
 a - an amulet of guardian spirit (around neck)
 h - an uncursed ring of insulation
Wands
 q - a wand of polymorph (7)
Scrolls
 c - 4 scrolls of amnesia {unknown}
 d - 4 scrolls of remove curse {unknown}
 g - 3 scrolls of enchant armour {unknown}
 i - 2 scrolls of identify {unknown}
 k - 2 scrolls of teleportation {unknown}
 l - a scroll of enchant weapon {unknown}
 m - a scroll of blinking {unknown}
 n - 2 scrolls of magic mapping {unknown}
 r - a scroll of brand weapon {unknown}
Potions
 e - 4 potions of curing
 f - 3 potions of haste
 j - 2 potions of brilliance {unknown}
 o - a potion of agility {unknown}
Comestibles
 b - 13 rations {!d}


   Skills:
 + Level 5.1 Fighting
 + Level 6.8 Dodging
 * Level 8.9 Stealth
 + Level 6.2 Unarmed Combat
   Level 2.1 Invocations


You had 5 spell levels left.
You didn't know any spells.
Your spell library contained the following spells:

 Spells                   Type           Power        Failure   Level  Hunger
 Animate Skeleton         Necr           N/A          34%         1    ##.....
 Freeze                   Ice            #.....       34%         1    ##.....
 Pain                     Necr           #.....       34%         1    ##.....
 Throw Frost              Conj/Ice       #.....       47%         2    ###....
 Ozocubu's Armour         Chrm/Ice       #.......     71%         3    ####...
 Regeneration             Chrm/Necr      #.........   71%         3    ####...
 Vampiric Draining        Necr           #.........   71%         3    ####...
 Animate Dead             Necr           N/A          98%         4    #####..
 Summon Ice Beast         Ice/Summ       #.......     98%         4    #####..
 Throw Icicle             Conj/Ice       #.......     98%         4    #####..
 Bolt of Draining         Conj/Necr      #.........   100%        5    ######.


Dungeon Overview and Level Annotations

Branches:
Dungeon (6/12)             Temple (1/1) D:5

Altars:
Ashenzari
Dithmenos
Elyvilon
Fedhas
Gozag
Hepliaklqana
Lugonu
Makhleb
Nemelex Xobeh
Okawaru
Ru
Trog
Vehumet
Wu Jian
Xom
Yredelemnul
The Shining One

Annotations:
D:5 Edmund, Eustachio


Innate Abilities, Weirdness & Mutations

You cannot wear almost all types of armour.
You are incapable of wielding weapons or throwing items.
Your paws allow you to move quietly. (Stealth)
You have sharp claws.
You have razor-sharp teeth.
You have supernaturally acute eyesight. (SInv)
You are carnivorous and can eat meat at any time.
You cover ground quickly.
You are covered in thick fur. (AC +2)
You have a slow metabolism.
Your sharp claws are effective at attacking unaware monsters.


Message History

You scratch the bullfrog.
The bullfrog is moderately wounded.
The bullfrog completely misses you. x2
You barely miss the bullfrog.
The bullfrog is moderately wounded.
The bullfrog misses you.
You closely miss the bullfrog.
The bullfrog is moderately wounded.
The bullfrog completely misses you.
You claw the bullfrog!
The bullfrog is severely wounded.
The bullfrog hits you.
The ogre hits you with a +0 giant club!!
Ouch! That really hurt!
* * * LOW HITPOINT WARNING * * *
The bullfrog closely misses you.
You are too injured to fight recklessly!
You are too injured to fight recklessly!
The bullfrog hits you!
You die...

######## ###########
##......# #......#...
#.......#####......#...
#.......##.........#...
#.....@....##......#...
#....F.....#...........
#....O.....#.......#...
#..........#..####.....
#..........#...........
#..........#...........
,........................
..........................
#..................#######.


You could see an ogre and a bullfrog.

Vanquished Creatures
  An ice beast (D:6)
  A phantom (D:4)
  A sky beast (D:4)
  2 ogres (D:5)
  3 centaurs
  2 bullfrogs (D:6)
  A scorpion (D:4)
  A water moccasin skeleton (D:5)
  4 crimson imps
  An orc priest (D:5)
  A bullfrog skeleton (D:5)
  2 orc wizards
  Ijyb (D:5)
  2 iguanas
  2 worker ants
  A worker ant zombie (D:6)
  4 gnolls (D:5)
  A howler monkey skeleton (D:6)
  7 adders
  A shadow imp (D:6)
  An ooze (D:3)
  2 adder skeletons
  An adder zombie (D:4)
  2 worms
  3 dart slugs
  3 leopard geckos
  24 orcs
  2 giant cockroaches
  3 goblins
  6 hobgoblins
  9 jackals
  6 kobolds
  7 quokkas
  A ball python (D:3)
  9 bats
  2 frilled lizards
  A jackal skeleton (D:6)
  4 rats
125 creatures vanquished.

Notes
Turn   | Place    | Note
-------+----------+-------------------------------------------
     0 | D:1      | Ethylacetat the Felid Monk began the quest for the Orb.
     0 | D:1      | Reached XP level 1. HP: 12/12 MP: 3/3
    40 | D:1      | Reached XP level 2. HP: 16/16 MP: 4/4
   726 | D:2      | Reached XP level 3. HP: 20/20 MP: 5/5
   996 | D:2      | Found a faded altar of an unknown god.
  1199 | D:2      | Found a corrupted altar of Lugonu.
  1590 | D:3      | Reached skill level 4 in Stealth
  2143 | D:3      | Reached XP level 4. HP: 24/24 MP: 6/6
  3000 | D:4      | Reached XP level 5. HP: 28/28 MP: 7/7
  3001 | D:4      | Reached skill level 5 in Dodging
  3001 | D:4      | Reached skill level 5 in Stealth
  3346 | D:4      | Found a basalt altar of Yredelemnul.
  3416 | D:4      | Noticed a sky beast
  3517 | D:4      | Gained mutation: You are covered in thick fur. (AC +2)
                  | [Felid growth]
  3517 | D:4      | Reached XP level 6. HP: 23/33 MP: 5/8
  3555 | D:4      | Reached skill level 6 in Stealth
  3711 | D:4      | Noticed a phantom
  3721 | D:4      | Killed a phantom
  4095 | D:4      | Reached skill level 5 in Unarmed Combat
  4240 | D:4      | Killed a sky beast
  4440 | D:4      | Found a hazy altar of Hepliaklqana.
  4586 | D:5      | Entered Level 5 of the Dungeon
  4586 | D:5      | Noticed Edmund
  4616 | D:5      | Reached XP level 7. HP: 38/38 MP: 9/9
  4616 | D:5      | Reached skill level 7 in Stealth
  4644 | D:5      | Noticed Ijyb
  4832 | D:5      | Killed Ijyb
  4970 | D:5      | Noticed Eustachio
  6009 | D:5      | Reached skill level 8 in Stealth
  6332 | D:5      | HP: 1/38 [white imp[Eustachio] (2)]
  6332 | D:5      | Slain by a white imp
  6333 | D:5      | Reached XP level 6. HP: -1/35 MP: 0/8
  6988 | D:5      | Found a staircase to the Ecumenical Temple.
  6997 | Temple   | Entered the Ecumenical Temple
  7008 | Temple   | Became a worshipper of Ashenzari the Shackled
  7008 | Temple   | Reached * piety under Ashenzari
  7008 | Temple   | Reached ** piety under Ashenzari
  7074 | D:6      | Reached XP level 7. HP: 38/38 MP: 9/9
  7105 | D:6      | Reached skill level 5 in Fighting
  7127 | D:6      | Slain by a bullfrog
  7128 | D:6      | Reached XP level 6. HP: -2/35 MP: 0/8
  7706 | D:6      | Slain by a bullfrog

Skill      XL: |  1  2  3  4  5  6  7 |
---------------+----------------------+-----
Unarmed Combat | 4 5 6 |  6.2
Stealth        | 4 5 6 8 |  8.9
Dodging        | 5 6 |  6.8
Fighting       | 4 5 |  5.1
Invocations    | |  2.1

Action                   |  1- 3 |  4- 6 |  7- 9 || total
-------------------------+-------+-------+-------++-------
Melee: Unarmed           |   136 |   250 |   217 ||   603
       Bite              |    10 |    26 |    30 ||    66
       Punch             |       |     6 |     4 ||    10
  Use: Potion            |       |       |     1 ||     1
 Stab: Sleeping          |    11 |    14 |     1 ||    26
       Distracted        |       |     1 |       ||     1
  Eat: Chunk             |    10 |     4 |     4 ||    18
Armor: Skin              |     6 |    10 |    15 ||    31
Dodge: Dodged            |   102 |   220 |   318 ||   640
